[Event "*** Titled Tuesday Blitz"]
[Site "Chess.com"]
[Date "2018.01.02"]
[Round "5"]
[White "SquashMaestro"]
[Black "TijanaBlagojevic"]
[Result "1-0"]
[WhiteElo "2253"]
[BlackElo "2360"]
[TimeControl "180+2"]
[EndTime "14:06:31 PST"]
[Termination "SquashMaestro won by resignation"]

1. b3 d5 2. Bb2 c6 3. e3 Nf6 4. f4 g6 5. Nf3 Bg7 6. d3 O-O 7. Nbd2 Nbd7 8. Qe2 a5 9. a4 Re8 10. h3 Qc7 11. g4 b5 12. axb5 cxb5 13. Rc1 a4 14. Bg2 a3 15. Ba1 a2 16. O-O Bb7 17.
Nd4 b4 18. e4 dxe4 19. dxe4 e5 20. Nb5 Qb6+ 21. Kh1 Ba6 22. Nc4 Qxb5 23. g5 Nh5 24. Qg4 Nxf4 25. Nd6 Qe2 26. Bf3 Qe3 27. Qxd7 Bxf1 28.
Rxf1 Rf8 29. Nc4 Qc5 30. Bg4 Rad8 31. Qb7 h5 32. gxh6 Bf6 33. Rxf4 exf4 34. Bxf6 Qf2 35. Qb6 Ra8 36. Qxf2 Ra6 37. Ba1 Rd8 38. Qxf4 Rc6 39.
h7+ Kxh7 40. Qxf7+ Kh6 41. Bf6 Rxf6 42. Qxf6 1-0

[Event "*** Titled Tuesday Blitz"]
[Site "Chess.com"]
[Date "2018.01.02"]
[Round "5"]
[White "tigra"]
[Black "bascheyaro"]
[Result "1-0"]
[WhiteElo "2689"]
[BlackElo "2560"]
[TimeControl "180+2"]
[EndTime "14:06:36 PST"]
[Termination "tigra won on time"]

1. e4 e6 2. d4 d5 3. Nc3 Bb4 4. e5 Ne7 5. a3 Bxc3+ 6. bxc3 b6 7.
Qg4 Kf8 8. Qd1 Ba6 9. Bd3 c5 10. Nf3 Qc7 11. a4 Bxd3 12. Qxd3 Nbc6 13. Ba3 cxd4 14.
cxd4 Na5 15. Bd6 Qc4 16. Qd2 h6 17. Rb1 Rc8 18. Rb2 Ke8 19. Qb4 Nf5 20. g4 Nxd6 21. exd6 Qxb4+ 22. Rxb4 Rxc2 23. O-O f6 24. Nh4 Kd7 25.
Kg2 g5 26. Nf3 h5 27. h3 hxg4 28. hxg4 1-0

[Event "*** Titled Tuesday Blitz"]
[Site "Chess.com"]
[Date "2018.01.02"]
[Round "5"]
[White "Msb2"]
[Black "kleinebeer98"]
[Result "1-0"]
[WhiteElo "2744"]
[BlackElo "2524"]
[TimeControl "180+2"]
[EndTime "14:06:41 PST"]
[Termination "Msb2 won on time"]

1. d4 Nf6 2. c4 e6 3. g3 d5 4.
Bg2 dxc4 5. Nf3 Bb4+ 6. Bd2 a5 7. a3 Bxd2+ 8. Nbxd2 b5 9. b3 cxb3 10. Qxb3 O-O 11.
O-O c6 12. Rfc1 a4 13. Qb2 Bb7 14. Ne1 Nbd7 15. Nd3 Rc8 16. Rc2 Nb6 17. Rac1 Nfd5 18. e3 Ba8 19. h4 Qe7 20. Rc5 Nd7 21. R5c2 N7b6 22. Nc5 Nf6 23. Nce4 Nxe4 24. Bxe4 Qd6 25. Bg2 Rc7 26. Rc5 Nd7 27. Ne4 Qe7 28. Rxb5 cxb5 29. Rxc7 Qd8 30. Qc2 Nb6 31. Ng5 g6 32. Bxa8 Qxa8 33.
h5 Qd5 34. Nxh7 Kxh7 35. Qxg6+ Kh8 36. Qf6+ Kg8 37. h6 1-0

[Event "*** Titled Tuesday Blitz"]
[Site "Chess.com"]
[Date "2018.01.02"]
[Round "5"]
[White "Kawhi_Leonard2"]
[Black "tteshan"]
[Result "1-0"]
[WhiteElo "2177"]
[BlackElo "2023"]
[TimeControl "180+2"]
[EndTime "14:06:41 PST"]
[Termination "Kawhi_Leonard2 won by checkmate"]

1. e4 c5 2. Nf3 e6 3. d4 cxd4 4. Nxd4 a6 5. Nc3 Qc7 6. Bd3 Nf6 7. Qe2 d6 8. f4 Nbd7 9. g4 Nc5 10. g5 Nfd7 11. Bd2 Nxd3+ 12. cxd3 b5 13. Rc1 Qb6 14. Be3 Qb8 15. f5 e5 16. Nc6 Qb7 17. Nd5 Nc5 18. Nxe5 dxe5 19. Bxc5 Bxc5 20. Rxc5 O-O 21.
Rc7 Qb8 22. O-O Ra7 23. Rfc1 Rxc7 24. Rxc7 Bb7 25. Ne7+ Kh8 26. Qc2 h6 27. h4 Kh7 28.
Qc5 Rd8 29. g6+ fxg6 30. fxg6+ Kh8 31. Nf5 Rxd3 32. Rxg7 Rd1+ 33. Kh2 Bxe4 34. Rc7 Rh1+ 35. Kg3 Bxf5 36. Qxe5+ Kg8 37. Qg7# 1-0

[Event "*** Titled Tuesday Blitz"]
[Site "Chess.com"]
[Date "2018.01.02"]
[Round "5"]
[White "ckgchess"]
[Black "mokerslag"]
[Result "0-1"]
[WhiteElo "2474"]
[BlackElo "2369"]
[TimeControl "180+2"]
[EndTime "14:06:45 PST"]
[Termination "mokerslag won by checkmate"]

1. e4 c5 2. Nf3 e6 3. d4 cxd4 4. Nxd4 Nf6 5. Nc3 Nc6 6. Be3 Bb4 7.
Nb5 Nxe4 8. Qd3 d5 9. a3 Nxc3 10.
Nxc3 Be7 11. O-O-O Qa5 12. Kb1 Bf6 13. Nb5 O-O 14.
Bc5 Rd8 15. Be3 a6 16. Nd4 Ne5 17. Qb3 Qc7 18. Nf3 Nd7 19. g4 b5 20. g5 Be7 21. h4 Bb7 22. h5 Nc5 23. Qc3 Rac8 24.
h6 Bf8 25. hxg7 Bxg7 26. Bd4 Ne4 27. Qb3 e5 28. Ba7 Ba8 29. Be3 d4 30. Bc1 Bd5 31. Qd3 Qc4 32. Rh4 Qa2# 0-1

[Event "*** Titled Tuesday Blitz"]
[Site "Chess.com"]
[Date "2018.01.02"]
[Round "5"]
[White "catalin009"]
[Black "Muracle"]
[Result "0-1"]
[WhiteElo "2356"]
[BlackElo "2502"]
[TimeControl "180+2"]
[EndTime "14:06:50 PST"]
[Termination "Muracle won by resignation"]

1. e4 g6 2. d4 Bg7 3. Nf3 c5 4. c3 cxd4 5. cxd4 Qb6 6. Nc3 Nc6 7. d5 Nd4 8. Nd2 d6 9. Nc4 Qc7 10. Be3 Qc5 11. a3 Nh6 12. b4 Nf3+ 13. gxf3 Bxc3+ 14. Nd2 Qc7 15. Bxh6 Bxa1 16. Qxa1 f6 17. Bb5+ Kf7 18.
Ke2 Bd7 19. Bd3 Rac8 20. Nb3 Bh3 21. Be3 Qd7 22. Nd4 Bg2 23. Rg1 Qh3 24. Bf4 g5 25.
Be3 h5 26. Qb2 Qxh2 27. a4 Qxg1 0-1

[Event "*** Titled Tuesday Blitz"]
[Site "Chess.com"]
[Date "2018.01.02"]
[Round "5"]
[White "LazarusIcarus"]
[Black "LuisFSiles"]
[Result "0-1"]
[WhiteElo "2234"]
[BlackElo "2230"]
[TimeControl "180+2"]
[EndTime "14:06:51 PST"]
[Termination "LuisFSiles won by checkmate"]

1. e4 e5 2. Nf3 Nc6 3. Bb5 a6 4. Ba4 Nf6 5. d3 d6 6. c3 g6 7. O-O Bg7 8. Re1 O-O 9. Nbd2 Nd7 10. Bxc6 bxc6 11. d4 Rb8 12. Nc4 exd4 13. cxd4 Rb5 14. a4 Rh5 15. h3 Nb6 16. Qc2 Bd7 17. a5 Nxc4 18. Qxc4 Qc8 19. Bf4 Bxh3 20. gxh3 Qxh3 21. Nh2 c5 22. Ra3 Qh4 23. Bg3 Qh3 24. Bxd6 Rg5+ 25.
Bg3 Bxd4 26. Qd3 f5 27. exf5 Rgxf5 28. Re2 h5 29. b4 h4 30. bxc5 hxg3 31. Qc4+ R8f7 32.
Re8+ Kh7 33. Qxd4 Qxh2+ 34. Kf1 Rxf2+ 35. Ke1 Qg1# 0-1

[Event "*** Titled Tuesday Blitz"]
[Site "Chess.com"]
[Date "2018.01.02"]
[Round "5"]
[White "GrigorGrigorov"]
[Black "ZapataCharlesS"]
[Result "0-1"]
[WhiteElo "2602"]
[BlackElo "2636"]
[TimeControl "180+2"]
[EndTime "14:06:53 PST"]
[Termination "ZapataCharlesS won on time"]

1. d4 Nf6 2. c4 g6 3. Nf3 Bg7 4.
g3 O-O 5. Bg2 c6 6. O-O Ne4 7. Ne5 d5 8. cxd5 cxd5 9. Nd2 Nxd2 10.
Bxd2 Nc6 11. Nxc6 bxc6 12. Bc3 Qb6 13. Re1 Bf5 14. e3 a5 15. Qa4 Rfd8 16. Rac1 Qb5 17. Qa3 e6 18. Bf1 Qb6 19. Qa4 h5 20. Qd1 a4 21. h3 e5 22. dxe5 c5 23. Bg2 d4 24.
exd4 cxd4 25. Bd2 Rab8 26. Qxa4 Qxb2 27. Bg5 Rdc8 28. Rxc8+ Rxc8 29. Bd5 d3 30. Qa7 Rf8 31. Be7 Rb8 32. Bd6 Rc8 33. Qxf7+ Kh7 34. Rd1 d2 35.
Bb3 Bc2 36. Bxc2 Qxc2 37. Qf3 Qxd1+ 38. Qxd1 Rc1 0-1

[Event "*** Titled Tuesday Blitz"]
[Site "Chess.com"]
[Date "2018.01.02"]
[Round "5"]
[White "gkchesstiger"]
[Black "Boryboy"]
[Result "1-0"]
[WhiteElo "2628"]
[BlackElo "2432"]
[TimeControl "180+2"]
[EndTime "14:06:54 PST"]
[Termination "gkchesstiger won by resignation"]

1. d4 e6 2. Bf4 b6 3. e3 Bb7 4. Nd2 Nf6 5. h3 g6 6. Ngf3 Bg7 7. a4 a6 8. c3 O-O 9. Bd3 d6 10. O-O Qe7 11. e4 Nbd7 12. Re1 e5 13. Bg5 Rfe8 14.
b4 Qf8 15. b5 axb5 16. Bxb5 Red8 17. Qc2 h6 18. Bh4 c6 19. Bf1 Re8 20. Qb3 exd4 21. cxd4 c5 22. e5 dxe5 23. dxe5 Nd5 24. Bb5 Nxe5 25.
Bxe8 Nxf3+ 26. Nxf3 Bxa1 27. Bb5 Bf6 28. Bg3 Rd8 29.
Bc4 Kg7 30. h4 Nb4 31. Ne5 Re8 32. h5 gxh5 33. Re3 h4 34. Bf4 Qd6 35. Bxh6+ Kh7 36. Qb1+ Nd3 37. Bxd3+ Kg8 1-0

[Event "*** Titled Tuesday Blitz"]
[Site "Chess.com"]
[Date "2018.01.02"]
[Round "5"]
[White "Saitama_Hero"]
[Black "Abrito99"]
[Result "1-0"]
[WhiteElo "2203"]
[BlackElo "2362"]
[TimeControl "180+2"]
[EndTime "14:06:58 PST"]
[Termination "Saitama_Hero won on time"]

1. d4 Nf6 2. c4 g6 3. Nc3 Bg7 4. e4 d6 5. f4 O-O 6. Nf3 c5 7. d5 Bg4 8. Be2 e6 9. O-O exd5 10. cxd5 Re8 11. e5 Nfd7 12. e6 fxe6 13. dxe6 Nf8 14.
Qb3 Bxe6 15. Qxb7 Nbd7 16. Ng5 Rb8 17. Qxa7 Nb6 18. a4 Bc4 19. Bxc4+ d5 20. Nxd5 Nxc4 21. Qf7+ Kh8 22. f5 Ne5 23. f6 Bh6 24. Ne7 Qd4+ 25.
Kh1 Rxe7 26. Qxe7 Rd8 27. Qxe5 1-0

[Event "*** Titled Tuesday Blitz"]
[Site "Chess.com"]
[Date "2018.01.02"]
[Round "5"]
[White "ChEsper99"]
[Black "51616516516"]
[Result "0-1"]
[WhiteElo "1933"]
[BlackElo "2080"]
[TimeControl "180+2"]
[EndTime "14:06:59 PST"]
[Termination "51616516516 won by resignation"]

1. e4 c5 2. Nf3 g6 3. d4 cxd4 4. Qxd4 Nf6 5. Nc3 Nc6 6. Qa4 d6 7. e5 Ng4 8. exd6 Qxd6 9. h3 Ne5 10. Be2 Bg7 11. O-O O-O 12. Nxe5 Nxe5 13. Bf4 Bd7 14. Qb3 Nf3+ 15. Bxf3 Qxf4 16. Qxb7 Be6 17. Qe4 Qg5 18. h4 Qa5 19. Qe3 Rab8 20. Rab1 Rfd8 21. Rfd1 Rxd1+ 22. Rxd1 Rxb2 23. Ne4 Rxc2 24. Ng5 Bh6 25. Qd3 Rc3 26. Qd8+ Qxd8 27. Rxd8+ Kg7 28. Nxe6+ fxe6 29. Rd7 Ra3 30. Rxe7+ Kf6 31. Rxh7 Bf4 32. Be4 Rxa2 33. f3 Bg3 34. Kf1 Rf2+ 35. Kg1 Re2 36. Bd3 Re1+ 37. Bf1 Ra1 38. Rc7 Bxc7 0-1

[Event "*** Titled Tuesday Blitz"]
[Site "Chess.com"]
[Date "2018.01.02"]
[Round "5"]
[White "korason34"]
[Black "StellarChessPro"]
[Result "0-1"]
[WhiteElo "2317"]
[BlackElo "2389"]
[TimeControl "180+2"]
[EndTime "14:07:04 PST"]
[Termination "StellarChessPro won by resignation"]

1. d4 d5 2. c4 c6 3. Nf3 Nf6 4. Nc3 e6 5. Bg5 dxc4 6. a4 Bb4 7. e4 b5 8. axb5 cxb5 9. e5 h6 10. exf6 hxg5 11. fxg7 Rg8 12. Qc2 Bb7 13. Qh7 Kd7 14. h4 Nc6 15. hxg5 Kc7 16. Be2 Nxd4 17. Rd1 Nxf3+ 18.
Bxf3 Qxg5 19. Bxb7 Kxb7 20. Qe4+ Kb6 21. Rh7 Rad8 22.
Rxd8 Rxd8 23. Qc2 Rd3 24. g3 Qg6 25. Rh4 Qxg7 26. Kf1 Bxc3 27. bxc3 Qxc3 28. Qe2 a5 29. Kg2 a4 30. Rh7 Qd4 31. Rxf7 Qd5+ 32. Kh2 a3 33.
Rf8 c3 34. Re8 a2 35. Rxe6+ Ka5 36. Re8 a1=Q 0-1

[Event "*** Titled Tuesday Blitz"]
[Site "Chess.com"]
[Date "2018.01.02"]
[Round "5"]
[White "Vrolijk"]
[Black "Firebullet"]
[Result "1/2-1/2"]
[WhiteElo "2437"]
[BlackElo "2452"]
[TimeControl "180+2"]
[EndTime "14:07:08 PST"]
[Termination "Game drawn by repetition"]

1. e4 c5 2. Nf3 Nc6 3. Bb5 Nf6 4. Bxc6 dxc6 5. d3 Qc7 6. h3 g6 7. O-O Bg7 8. Nc3 O-O 9. Be3 b6 10. Qd2 Re8 11. Bh6 Bh8 12. Nh2 e5 13. f4 Nh5 14.
f5 c4 15. dxc4 Ba6 16. b3 Rad8 17. Qe3 Qd6 18. Nf3 b5 19. cxb5 Bxb5 20. Nxb5 cxb5 21. fxg6 hxg6 22. Qxa7 Ng3 23. Rfe1 Qc6 24. Ng5 Rd7 25. Qf2 Nh5 26. Nf3 Rc8 27. Rad1 Rxd1 28. Rxd1 Qxc2 29. Rd8+ Kh7 30. Ng5+ Kxh6 31. Rxh8+ Kxg5 32. h4+ Kg4 33. Qf3+ Kxh4 34. Qf6+ Kg4 35. Qf3+ Kg5 36. Rxh5+ gxh5 37. Qf5+ Kh6 38. Qf6+ Kh7 39. Qxf7+ Kh6 40. Qf6+ Kh7 41. Qf7+ Kh6 42. Qf6+ Kh7 43. Qf7+ 1/2-1/2

[Event "*** Titled Tuesday Blitz"]
[Site "Chess.com"]
[Date "2018.01.02"]
[Round "5"]
[White "temiksmozg"]
[Black "DagurR"]
[Result "1-0"]
[WhiteElo "2475"]
[BlackElo "2321"]
[TimeControl "180+2"]
[EndTime "14:07:22 PST"]
[Termination "temiksmozg won by resignation"]

1. d3 d6 2. g3 g6 3. Bg2 Bg7 4. e4 e5 5. Ne2 Ne7 6. O-O O-O 7. Nbc3 f5 8. exf5 gxf5 9. f4 c6 10. Be3 Ng6 11. Qd2 Be6 12. Rf2 Nd7 13. Raf1 Qe7 14.
Bh3 exf4 15. Nxf4 Nxf4 16. Bxf4 Rae8 17. Ne2 Bxb2 18. c3 Ba3 19. d4 Nf6 20. Bg5 Qg7 21. Bxf6 Qxf6 22. Qd3 Qe7 23. Nf4 Bd7 24. Ng2 d5 25.
Nh4 f4 26. Bxd7 Qxd7 27. Rxf4 Rxf4 28. Rxf4 Bd6 29. Rf3 Rf8 30. Nf5 Bc7 31. Kg2 Kh8 32. h4 Qe6 33. g4 b6 34. h5 Re8 35. Re3 Qf7 36. Kf3 Bd8 37. Rxe8+ Qxe8 38. Qe3 Qxe3+ 39.
Kxe3 Bg5+ 40. Kd3 Kg8 41. Nd6 Bf4 42. Nc8 Kg7 43. Nxa7 Kf6 44. Nxc6 Kg5 45. Ne7 Kxg4 46. Nxd5 Bd6 47. Nf6+ Kg5 48. Nxh7+ Kf5 49. Kc4 Be7 50. Kb5 Bd8 51. Nf8 Kg5 52. Ne6+ 1-0

[Event "*** Titled Tuesday Blitz"]
[Site "Chess.com"]
[Date "2018.01.02"]
[Round "5"]
[White "Vamostodorecto"]
[Black "TrickyTrapChess"]
[Result "1-0"]
[WhiteElo "2362"]
[BlackElo "2233"]
[TimeControl "180+2"]
[EndTime "14:07:22 PST"]
[Termination "Vamostodorecto won by resignation"]

1. d4 Nf6 2. c4 c5 3. d5 b5 4.
cxb5 a6 5. Nc3 axb5 6. e4 Ba6 7. e5 Ng8 8. Bxb5 Bxb5 9. Nxb5 Qa5+ 10. Nc3 d6 11. e6 Nf6 12. Nf3 h6 13. exf7+ Kxf7 14. O-O Nbd7 15. Re1 g5 16. Qe2 Re8 17. Qe6+ Kg7 18.
Bxg5 hxg5 19. Nxg5 Rg8 20. Qf7+ Kh8 21. Re3 Rxg5 22.
Rh3+ Rh5 23. Rxh5+ Nxh5 24. Qxh5+ Kg7 25. Qxe8 Nf6 26.
Qb8 Qa6 27. Re1 Qd3 28. h4 Qd4 29. Re3 Ng4 30. Rf3 Nf6 31. h5 Qh4 32. Rg3+ Kf7 33. Rh3 Qg5 34. Qc8 Qc1+ 35. Kh2 Qf4+ 36. Kg1 Qc1+ 37.
Kh2 Qf4+ 38. Rg3 Nxh5 39. Qe6+ Ke8 40. Qg6+ Qf7 41. Qxf7+ Kxf7 42. Rf3+ Ke8 43. a4 Nf6 44. a5 Nd7 45. a6 Bg7 46. Na4 1-0

[Event "*** Titled Tuesday Blitz"]
[Site "Chess.com"]
[Date "2018.01.02"]
[Round "5"]
[White "Divertissement"]
[Black "Squirlolz"]
[Result "0-1"]
[WhiteElo "2423"]
[BlackElo "2492"]
[TimeControl "180+2"]
[EndTime "14:07:27 PST"]
[Termination "Squirlolz won by resignation"]

1. c4 e5 2. Nc3 Nf6 3. Nf3 Nc6 4. e3 d5 5. cxd5 Nxd5 6. Bb5 Nxc3 7. bxc3 Bd6 8. d4 e4 9. Nd2 Qg5 10. Qa4 Bd7 11.
Nxe4 Qxg2 12. Nxd6+ cxd6 13. Rf1 a6 14. Qa3 O-O 15.
Be2 Bh3 16. Qxd6 Rad8 17. Qf4 Qg6 18. Ba3 Rfe8 19. O-O-O Bxf1 20. Rxf1 Na5 21. Bb4 Nc6 22. Bc5 Rc8 23. Kd2 Na5 24. Bd3 Qg2 25. Qg3 Qd5 26.
Rg1 g6 27. e4 Qxa2+ 28. Ke3 Nc4+ 29. Kf3 Ne5+ 30. dxe5 Rxc5 31. Kg2 Rcxe5 32. Rd1 Qe6 33. Qe3 Rxe4 34. Bxe4 Qg4+ 0-1

[Event "*** Titled Tuesday Blitz"]
[Site "Chess.com"]
[Date "2018.01.02"]
[Round "5"]
[White "PenguinPacks"]
[Black "AndrewMcStone"]
[Result "1-0"]
[WhiteElo "2171"]
[BlackElo "2055"]
[TimeControl "180+2"]
[EndTime "14:07:27 PST"]
[Termination "PenguinPacks won by checkmate"]

1. d4 Nf6 2. Bf4 d6 3. Nf3 g6 4. Nc3 Bg7 5. e4 O-O 6. Qd2 c5 7. Bh6 cxd4 8. Nxd4 Nc6 9. Bxg7 Kxg7 10. O-O-O Qb6 11.
Nb3 Be6 12. f3 a5 13. Bb5 a4 14. Bxa4 Ne5 15. Qd4 Qxd4 16. Nxd4 Bc4 17. Bb3 Bxb3 18.
Nxb3 Nc4 19. Nd5 Nxd5 20. Rxd5 Rxa2 21. Rb5 Rfa8 22. Nd2 Ra1+ 23. Nb1 Kf6 24. Rxb7 R8a2 25. Re1 Ra8 26. Rb4 Ne5 27. h3 Nc6 28. Rb6 Ne5 29.
b3 Kg5 30. Kd2 Kf4 31. Rb7 e6 32. Rf1 g5 33. Ke2 Kg3 34. Nd2 Rxf1 35. Nxf1+ Kf4 36.
g3# 1-0

[Event "*** Titled Tuesday Blitz"]
[Site "Chess.com"]
[Date "2018.01.02"]
[Round "5"]
[White "Big_Fishy"]
[Black "AnonymousBread"]
[Result "0-1"]
[WhiteElo "2309"]
[BlackElo "2413"]
[TimeControl "180+2"]
[EndTime "14:07:30 PST"]
[Termination "AnonymousBread won on time"]

1. e4 e5 2. Nf3 Nc6 3. c3 d5 4. Qa4 Bd7 5. exd5 Nd4 6. Qd1 Nxf3+ 7. Qxf3 Nf6 8. Bc4 Bd6 9. d3 O-O 10. Bg5 Kh8 11. Nd2 Be7 12. Bxf6 Bxf6 13. O-O a5 14. a4 Be7 15. Bb5 f5 16. Rfe1 Bd6 17. Bxd7 Qxd7 18. Nc4 Rae8 19. Nxd6 Qxd6 20. c4 g5 21. Qg3 h6 22. Qe3 b6 23. f3 Qf6 24.
Rad1 h5 25. b3 f4 26. Qe4 g4 27. d4 Qg5 28. dxe5 gxf3 29. Rd2 fxg2 30. Rxg2 Qh4 31. Rf1 Qe7 32. Rxf4 Rg8 33. Rf6 Qxf6 34. exf6 Rxe4 35.
f7 Rxg2+ 36. Kxg2 Rf4 0-1

[Event "*** Titled Tuesday Blitz"]
[Site "Chess.com"]
[Date "2018.01.02"]
[Round "5"]
[White "pKiLz5Rn9b"]
[Black "Zufi1811"]
[Result "1-0"]
[WhiteElo "2618"]
[BlackElo "2401"]
[TimeControl "180+2"]
[EndTime "14:07:37 PST"]
[Termination "pKiLz5Rn9b won by checkmate"]

1. b3 g6 2. Bb2 Nf6 3. Nf3 Bg7 4. c4 O-O 5. g3 b6 6. Bg2 Bb7 7. d4 e6 8. O-O Ne4 9. e3 d6 10. Qc2 Nd7 11. Rd1 f5 12. d5 Bxb2 13. Qxb2 Qf6 14. Qxf6 Rxf6 15. Nd4 exd5 16. cxd5 a6 17. Ne6 Rc8 18. f3 Nec5 19. Nc3 Nxe6 20. dxe6 Rxe6 21.
Kf2 Rce8 22. Re1 Nc5 23. Rad1 a5 24. Bf1 Kg7 25. Bc4 R6e7 26. Bd5 c6 27. Bc4 d5 28. Bf1 Ba6 29. Bxa6 Nxa6 30. Na4 b5 31. Nb2 Nb4 32. Rc1 d4 33. a3 dxe3+ 34. Ke2 Nd5 35. Rxc6 b4 36. axb4 axb4 37. Na4 f4 38. Rd1 Nf6 39. gxf4 Nh5 40. Rd4 Rf8 41. Rcc4 Kh6 42. Rxb4 Ng7 43. Nc5 Nf5 44. Rd5 Ra8 45. Ra4 Rb8 46. Ra6 Kh5 47. Ne4 Rf7 48. Rxf5+ Rxf5 49. Ng3+ Kh4 50. Nxf5+ gxf5 51. Rh6# 1-0

[Event "*** Titled Tuesday Blitz"]
[Site "Chess.com"]
[Date "2018.01.02"]
[Round "5"]
[White "Laico"]
[Black "goingin33"]
[Result "1-0"]
[WhiteElo "2169"]
[BlackElo "2216"]
[TimeControl "180+2"]
[EndTime "14:07:37 PST"]
[Termination "Laico won by checkmate"]

1. e4 e6 2. d4 d5 3. Nd2 Be7 4. Bd3 c5 5. c3 cxd4 6. cxd4 dxe4 7. Nxe4 Nc6 8. Nf3 Nf6 9. O-O O-O 10. Re1 h6 11. a3 b6 12. Bb1 Nxe4 13. Bxe4 Bb7 14. Bb1 Qd7 15. Qd3 f5 16. Ba2 Nd8 17. Ne5 Qd6 18.
Bf4 Be4 19. Qh3 Qxd4 20. Qg3 Bg5 21. Rad1 Bxf4 22. Qxf4 Qxb2 23. Rd2 Qc3 24. f3 Bd5 25. Bxd5 exd5 26. Red1 Nf7 27. Nd7 Rfd8 28. Rxd5 Qxa3 29. Rxf5 Qe7 30. Rfd5 Ng5 31. Qc7 Rdc8 32. Qb7 Qe3+ 33. Kh1 Nxf3 34. R5d3 Qe2 35. Qxf3 Qxf3 36. Rxf3 Rd8 37.
Rfd3 b5 38. Nc5 Rdc8 39. Ne6 a5 40. Rd7 a4 41. h3 a3 42. Rxg7+ Kh8 43. Rdd7 Rc1+ 44.
Kh2 Ra7 45. Rd8# 1-0

[Event "*** Titled Tuesday Blitz"]
[Site "Chess.com"]
[Date "2018.01.02"]
[Round "5"]
[White "mishanick"]
[Black "nickmatta"]
[Result "1-0"]
[WhiteElo "2779"]
[BlackElo "2232"]
[TimeControl "180+2"]
[EndTime "14:07:40 PST"]
[Termination "mishanick won by resignation"]

1. d4 Nf6 2. c4 g6 3. Nc3 d5 4. Bg5 Bg7 5. cxd5 Nxd5 6. Nf3 O-O 7. e3 Nxc3 8. bxc3 c5 9. Bd3 Nc6 10. O-O Be6 11. Qa4 a6 12. Qa3 Rc8 13. Rab1 b5 14. Qxa6 b4 15. Be4 Bd5 16. Bxd5 Qxd5 17. cxb4 Nxb4 18.
Qb5 Nxa2 19. Bxe7 Rfe8 20. Bxc5 Nc3 21. Qb7 Qh5 22. Rfe1 Nxb1 23. Qxb1 Rb8 24. Qd3 Red8 25. Qa6 Qd5 26. e4 Qb7 27. Qe2 Re8 28. e5 Qd5 29. Qa6 Rb2 30. h4 h6 31. Qa4 Rb3 32.
Qxe8+ Kh7 33. e6 Rxf3 34. gxf3 Qxf3 35. Qxf7 Qg4+ 36. Kf1 Qh3+ 37. Ke2 Qg4+ 38. Kd3 Qxh4 39. e7 Qh3+ 40. Kc4 Qd7 41. e8=Q Qa4+ 1-0

[Event "*** Titled Tuesday Blitz"]
[Site "Chess.com"]
[Date "2018.01.02"]
[Round "5"]
[White "Kaphrep"]
[Black "GMHess"]
[Result "0-1"]
[WhiteElo "2640"]
[BlackElo "2613"]
[TimeControl "180+2"]
[EndTime "14:07:46 PST"]
[Termination "GMHess won by resignation"]

1. e4 d6 2. d4 Nf6 3. Bd3 e5 4. c3 g6 5. Nf3 Nbd7 6. O-O Bg7 7. Re1 O-O 8. a4 Nh5 9. Be3 Qe7 10. Nbd2 Ndf6 11. h3 Nf4 12. Bxf4 exf4 13. Nb3 Nh5 14. e5 d5 15. a5 Bh6 16. Qc2 Ng7 17. c4 dxc4 18.
Bxc4 Nf5 19. d5 Nh4 20. Qc3 Nxf3+ 21. Qxf3 Qb4 22. Bf1 Bf5 23. Rac1 Rac8 24. Red1 Bg7 25. Rd4 Qe7 26. Rxf4 Qxe5 27. Rb4 Qxb2 28. Rxb7 Be5 29. Bd3 Rb8 30. Rxb8 Rxb8 31. Rb1 Rxb3 32. Rxb2 Bxb2 33.
Qe2 Bxd3 34. Qe8+ Kg7 35. Qc6 Be5 36. g3 Be4 37. Kf1 Bf3 38. Qc2 Ra3 0-1

[Event "*** Titled Tuesday Blitz"]
[Site "Chess.com"]
[Date "2018.01.02"]
[Round "5"]
[White "RaphaeI"]
[Black "juniortay"]
[Result "1-0"]
[WhiteElo "2483"]
[BlackElo "2289"]
[TimeControl "180+2"]
[EndTime "14:07:46 PST"]
[Termination "RaphaeI won by resignation"]

1. d4 Nf6 2. c4 g6 3. Nc3 Bg7 4. e4 d6 5. Be2 O-O 6. Be3 Nbd7 7. d5 c5 8. Nf3 b5 9. cxb5 a6 10. a4 Qa5 11. O-O Ng4 12. Bd2 Qc7 13. Qc2 e6 14.
Rfd1 Bb7 15. Ng5 Ndf6 16. dxe6 d5 17. g3 d4 18. Nd5 Nxd5 19. exd5 Nxf2 20. Bf4 Qd8 21.
exf7+ Kh8 22. Kxf2 h6 23. Ne6 Qxd5 24. Nxf8 Rxf8 25.
Rf1 Rxf7 26. Qc4 Qg2+ 27. Ke1 Re7 28. Rd1 Bd5 29. Qd3 c4 30. Qd2 d3 31. Rf2 Qg1+ 32.
Rf1 Qxh2 33. Be3 dxe2 34. Qxe2 Qxe2+ 35. Kxe2 Bxb2 36. Rxd5 c3 37. Kd3 Kg7 38. Bd4+ Kh7 39. Bxc3 Ba3 40. bxa6 1-0

[Event "*** Titled Tuesday Blitz"]
[Site "Chess.com"]
[Date "2018.01.02"]
[Round "5"]
[White "jposthuma"]
[Black "DrZeiss"]
[Result "0-1"]
[WhiteElo "2330"]
[BlackElo "2168"]
[TimeControl "180+2"]
[EndTime "14:07:46 PST"]
[Termination "DrZeiss won on time"]

1. d4 c5 2. d5 e6 3. c4 exd5 4. cxd5 d6 5. Nc3 Nf6 6. e4 g6 7.
h3 Bg7 8. Nf3 O-O 9. Bd3 a6 10. a4 Nbd7 11. O-O Qe7 12. Bf4 Ne8 13. Re1 Ne5 14. Be2 b6 15. Qd2 Rb8 16. Bg5 Bf6 17.
Bxf6 Qxf6 18. Nxe5 dxe5 19. Rab1 Nd6 20. b4 c4 21. b5 a5 22. Rec1 Qh4 23. Qe3 Bd7 24.
f3 Qg3 25. Nd1 Bxh3 26. Qf2 Qg5 27. Bxc4 Rfc8 28. Ne3 Rc5 29. Bd3 Rbc8 30. Rxc5 Rxc5 31. Kf1 Bd7 32. Ke2 f5 33. Rh1 Rc3 34. Nc2 fxe4 35.
fxe4 Bg4+ 36. Kf1 Rxd3 37. Qxb6 Rd1+ 38. Ne1 Qf4+ 39. Qf2 Rxe1+ 0-1

[Event "*** Titled Tuesday Blitz"]
[Site "Chess.com"]
[Date "2018.01.02"]
[Round "5"]
[White "PowerThinking2650"]
[Black "rasool78"]
[Result "0-1"]
[WhiteElo "2201"]
[BlackElo "2282"]
[TimeControl "180+2"]
[EndTime "14:07:48 PST"]
[Termination "rasool78 won by resignation"]

1. e4 g6 2. d4 Bg7 3. Nc3 c5 4.
dxc5 Bxc3+ 5. bxc3 Qa5 6. Qd4 Nf6 7. Qb4 Qc7 8. Nf3 Nc6 9. Qa4 Ne5 10. Be3 Nfg4 11.
Be2 Nxe3 12. fxe3 Ng4 13. Qd4 e5 14. Qd6 Qxd6 15. cxd6 Nxe3 16. Kd2 Ng4 17. h3 Nf2 18.
Nxe5 Nxh1 19. Rxh1 f6 20. Ng4 O-O 21. Bc4+ Kg7 22. Bd5 Rb8 23. c4 b5 24. c5 Bb7 25.
Ne3 Bxd5 26. Nxd5 Rfe8 27. Re1 Re5 28. Kd3 f5 29. Kd4 Rxe4+ 30. Rxe4 fxe4 31. Kxe4 Re8+ 32. Kd4 Kf7 33. Nc7 Re2 34. c3 Rxa2 35. Nxb5 a5 36. Nc7 a4 37. Nd5 a3 38. c6 dxc6 39. Kd3 cxd5 0-1

[Event "*** Titled Tuesday Blitz"]
[Site "Chess.com"]
[Date "2018.01.02"]
[Round "5"]
[White "ChainsOfFantasia"]
[Black "Korchmar_Vasiliy"]
[Result "1-0"]
[WhiteElo "2462"]
[BlackElo "2511"]
[TimeControl "180+2"]
[EndTime "14:07:53 PST"]
[Termination "ChainsOfFantasia won by resignation"]

1. d4 Nf6 2. c4 e6 3. Nf3 d5 4.
Nc3 Bb4 5. e3 O-O 6. cxd5 exd5 7.
Bd3 Re8 8. O-O c6 9. a3 Bd6 10. b4 Nbd7 11. Rb1 Ne4 12. Qc2 Ndf6 13. a4 Bg4 14. Ne5 Bxe5 15. dxe5 Rxe5 16. f3 Nxc3 17. Qxc3 Bf5 18. Qxe5 Bxd3 19. Bb2 Bxf1 20. Rxf1 Qd7 21.
Qg5 h6 22. Qg3 Qe7 23. e4 dxe4 24. fxe4 Ne8 25. Qc3 Rd8 26. b5 cxb5 27. axb5 Qxe4 28. Re1 Qg6 29. h3 Nf6 30. Qc7 Rd2 31. Qd8+ Kh7 32. Qxd2 Ne4 33. Qc2 f5 34. Bd4 Qd6 35. Rxe4 fxe4 36.
Qxe4+ Kg8 37. Qe8+ Kh7 38. Qe4+ Kg8 39. Qe5 Qxe5 40.
Bxe5 g6 41. Kf1 Kf7 42. Ke2 Ke6 43. Bd4 a6 44. bxa6 bxa6 45. Bc3 Kf5 46. Kf3 h5 47. g3 Ke6 48. Ke4 g5 49. Bd2 h4 50.
g4 Kf6 51. Kd5 1-0